AoeStats
← albaevaarina0

Arabia

510293171Analyzed
1v1 RM · 1d ago on Sep 30, 2026· 29m 7s· 2 players
Game mode
Random Map
Map size
Tiny (2 player)
Population
200
Speed
Normal
Resources
Standard
Victory
Conquest
Starting age
Dark Age
Ending age
Imperial Age
RankedLock teamsTeams togetherTeam positionsShared explorationLock speedFull tech treeHidden civsTurbo modeCheats
Victory
Defeat
🇰🇿 Khmer · Kazakhstan
1076
+18
🇵🇪 Muisca · Peru
1113
-18
albaevaarina0
6:55 Loom
10:27 Feudal Age
10:37 Man-at-Arms
14:20 Double-Bit Axe
14:19 Horse Collar
19:47 Castle Age
17:50 Gold Mining
20:21 Scale Barding Armor
21:53 Fletching
22:56 Bodkin Arrow
23:15 Forging
24:28 Bloodlines
25:09 Stone Mining
26:04 Bow Saw
25:58 Heavy Plow
26:01 Light Cavalry
Padrino
6:40 Loom
9:21 Feudal Age
20:29 Castle Age
20:09 Double-Bit Axe
20:05 Horse Collar
20:31 Fletching
20:50 Padded Archer Armor
20:55 Crossbowman
26:57 Thumb Ring
Connection lost

Rejoining the realm…

Still unreachable

The connection could not be restored.

Session expired

The server has moved on; the page needs a fresh start.